 Dungeon Crawl Stone Soup version 0.30-a0-723-gc1506a1cf0 (webtiles) character file.

Game seed: 10744820667076573373

20778 browni3141 the Brawler (level 12, 0/123 HPs)
             Began as a Troll Berserker on Jan 28, 2023.
             Was an Elder of Trog.
             Slain by an ancient zyme (4 damage)
             ... on level 2 of the Abyss.
             The game lasted 00:14:29 (10177 turns).

browni3141 the Brawler (Troll Berserker)           Turns: 10177, Time: 00:14:29

Health: 0/123      AC: 12    Str: 28    XL:     12   Next: 48%
Magic:  11/11      EV: 13    Int:  3    God:    Trog [****..]
Gold:   845        SH:  0    Dex: 13    Spells: 11/11 levels left

rFire   . . .      SeeInvis .      - Unarmed
rCold   . . .      Faith    +    (no shield)
rNeg    . . .      Spirit   .    v - +0 troll leather armour
rPois   .          Reflect  .    (helmet restricted)
rElec   .          Harm     .    u - +1 cloak
rCorr   .          Rampage  .    (gloves unavailable)
Will    .....                    (boots unavailable)
Stlth   +                        t - amulet of faith
HPRegen 0.00/turn                w - +4 ring of protection
MPRegen 0.12/turn                (no ring)

@: on berserk cooldown, sick, slowed, very slow
A: large, unfitting armour, claws 3, regeneration 1, shaggy fur 1, tough skin 1,
subdued magic 1
a: Renounce Religion, Berserk, Trog's Hand, Brothers in Arms


You were on level 2 of the Abyss.
You worshipped Trog.
Trog was greatly pleased with you.
You visited 1 branch of the dungeon, and saw 12 of its levels.
You visited the Abyss 1 time.
You also visited: Bailey.

You collected 845 gold pieces.

Inventory:

Missiles
 l - 26 poisoned darts (quivered)
 p - a curare-tipped dart
 q - 5 boomerangs
 s - 4 atropa-tipped darts
 x - a throwing net
 C - 5 large rocks
Armour
 a - a +0 animal skin
 d - a +0 cloak
 u - a +1 cloak (worn)
 v - a +0 troll leather armour (worn)
Jewellery
 i - a ring of magical power
 k - a ring of magical power
 t - an amulet of faith (around neck)
 w - a +4 ring of protection (left claw)
 B - an amulet of magic regeneration
Wands
 j - a wand of quicksilver (9)
 m - a wand of charming (8)
Potions
 b - a potion of flight
 c - 2 potions of curing
 e - 3 potions of heal wounds
 f - a potion of haste {unknown}
 g - 3 potions of attraction
 h - 5 potions of degeneration
 n - 3 potions of cancellation
 o - 3 potions of brilliance {unknown}
 r - a potion of magic {unknown}
 z - a potion of invisibility {unknown}
 A - a potion of might {unknown}


   Skills:
 + Level 9.2 Fighting
 + Level 9.2 Dodging
 - Level 1.0 Stealth
 * Level 15.0 Unarmed Combat


You had 11 spell levels left.
You didn't know any spells.
Your spell library was empty.

Dungeon Overview and Level Annotations

Branches:
Dungeon (12/15)            Temple (0/1) D:7            Lair (0/5) D:8
    Orc (0/2) D:11         Bailey (visited)

Altars:
Cheibriados
Dithmenos
Gozag
Hepliaklqana
Kikubaaqudgha
Nemelex Xobeh
Trog
Uskayaw
Vehumet
Wu Jian
Yredelemnul
Zin
The Shining One

Portals:
Trove: D:10 (give 8 potions of haste)

Annotations:
D:10 1 transporter
D:12 Sonja


Innate Abilities, Weirdness & Mutations

You are too large for most types of armour.
You have claws for hands.
Your natural rate of healing is unusually fast.
You are covered in fur. (AC +1)
You have tough skin. (AC +1)
Your spells are a little easier to cast, but a little less powerful.


Message History

The ancient zyme misses you.
The purple draconian roars!
You mangle the ancient zyme!!
The ancient zyme is heavily damaged.
You hear a bellow!
The ancient zyme completely misses you.
The ancient zyme hits you but does no damage.
You feel ill.
You scratch the ancient zyme. Your claw misses the ancient zyme.
The ancient zyme is heavily damaged.
A ynoxinul comes into view.
The ancient zyme hits you.
* * * LOW HITPOINT WARNING * * *
The ancient zyme barely misses you.
You scratch the ancient zyme but do no damage.
The ancient zyme is heavily damaged.
The ancient zyme hits you!
* * * LOW HITPOINT WARNING * * *
The ancient zyme misses you.
You feel ill.
You completely miss the ancient zyme.
The ancient zyme is heavily damaged.
The ancient zyme barely misses you. x2
A starcursed mass comes into view.
A ynoxinul comes into view.
The ancient zyme hits you.
* * * LOW HITPOINT WARNING * * *
The ancient zyme misses you.
You scratch the ancient zyme.
The ancient zyme is severely damaged.
The starcursed mass shrieks in your mind.
* * * LOW HITPOINT WARNING * * *
The ancient zyme closely misses you. The ancient zyme hits you.
* * * LOW HITPOINT WARNING * * *
You claw the ancient zyme!
The ancient zyme is severely damaged.
The starcursed mass shrieks in your mind.
* * * LOW HITPOINT WARNING * * *
The ancient zyme hits you.
* * * LOW HITPOINT WARNING * * *
The ancient zyme hits you.
You die...

. . # #. .
# . .X #.
## # . #.
.... . .
...
##..#.####
. . ....
....... ..
....#3...
.. ##d.# #
#x#. ..
#@### #.
#### .. .
# #. # . .
.. # . . .
# # # .


You could see a starcursed mass, a purple draconian, an ancient zyme and a
ynoxinul.

Vanquished Creatures
  A tentacled starspawn (Abyss:2)
  Kirke (D:12)
  An eidolon (Abyss:2)
  Erica (D:9)
  2 two-headed ogres
  A thrashing horror (Abyss:2)
  A sun demon (Abyss:2)
  A wretched star (Abyss:2)
  The ghost of Newt the Cudgeller, a novice DsGl of Qazlal (D:7)
  Pikel (D:7)
  A cyclops (D:12)
  A manticore (D:11)
  An ugly thing (D:8)
  2 unseen horrors
  A komodo dragon (D:11)
  Psyche (D:11)
  3 trolls
  Grinder (D:5)
  Prince Ribbit (D:5)
  A hornet (D:9)
  5 blink frogs (Abyss:2)
  Sigmund (D:5)
  A ynoxinul (Abyss:2)
  4 spriggans (Bailey)
  A vampire (D:11)
  A flying skull (Abyss:2)
  A small abomination (Abyss:2)
  3 wraiths
  5 yaks
  4 steam dragons
  A wyvern (D:10)
  3 large abominations (Abyss:2)
  2 vampire mosquitoes (D:12)
  An acid dragon (D:11)
  2 water moccasins (D:6)
  An ice beast (D:4)
  A black bear (D:7)
  A sky beast (D:8)
  2 orc warriors
  6 ogres
  3 centaurs
  A phantom (D:6)
  2 kobold brigands
  5 bullfrogs
  2 gnoll sergeants
  2 necrophages
  A scorpion (D:7)
  7 wights
  8 howler monkeys
  3 hounds (D:5)
  3 jellies
  7 orc priests
  Crazy Yiuf (D:5)
  2 iguanas
  7 orc wizards
  Ijyb (D:3)
  A mummy (D:3)
  Robin (D:3)
  4 gnolls
  8 adders
  2 shadow imps
  A white imp (D:5)
  3 worms
  3 dart slugs
  52 orcs
  7 endoplasms
  10 giant cockroaches
  14 goblins
  5 hobgoblins
  5 jackals
  5 quokkas
  8 ball pythons
  7 bats
  4 frilled lizards
  14 kobolds
  9 rats
  A spectral goblin (D:5)
289 creatures vanquished.

Vanquished Creatures (collateral kills)
  Rupert (D:12)
1 creature vanquished.

Vanquished Creatures (others)
  A two-headed ogre (D:12)
  A wizard (D:8)
  2 humans (D:12)
  2 starspawn tentacles (Abyss:2)
6 creatures vanquished.

Grand Total: 296 creatures vanquished

Notes
Turn   | Place    | Note
-------+----------+-------------------------------------------
     0 | D:1      | browni3141 the Troll Berserker began the quest for the Orb.
     0 | D:1      | Reached XP level 1. HP: 22/22 MP: 0/0
     2 | D:1      | Found a runed translucent door.
    21 | D:1      | Reached XP level 2. HP: 29/29 MP: 1/1
    44 | D:1      | Reached ** piety under Trog
   249 | D:1      | Reached XP level 3. HP: 36/36 MP: 2/2
   747 | D:2      | Reached XP level 4. HP: 37/44 MP: 3/3
   798 | D:2      | Reached skill level 4 in Unarmed Combat
  1189 | D:3      | Reached skill level 1 in Stealth
  1253 | D:3      | Reached *** piety under Trog
  1402 | D:3      | Found a faded altar of an unknown god.
  1596 | D:3      | Noticed Ijyb
  1614 | D:3      | Killed Ijyb
  1615 | D:3      | Reached XP level 5. HP: 53/53 MP: 4/4
  1662 | D:3      | Noticed Robin
  1677 | D:3      | Killed Robin
  1735 | D:3      | Found a glowing silver altar of Zin.
  1815 | D:3      | Found a snail-covered altar of Cheibriados.
  1991 | D:4      | Reached skill level 5 in Unarmed Combat
  1991 | D:4      | Reached XP level 6. HP: 59/61 MP: 5/5
  2200 | D:4      | Noticed an ice beast
  2210 | D:4      | Killed an ice beast
  2377 | D:5      | Entered Level 5 of the Dungeon
  2406 | D:5      | Noticed Sigmund
  2413 | D:5      | Killed Sigmund
  2414 | D:5      | Reached skill level 6 in Unarmed Combat
  2414 | D:5      | Reached XP level 7. HP: 68/68 MP: 6/6
  2561 | D:5      | Gained mutation: Potions are less effective at restoring
                  | your health. [potion of mutation]
  2561 | D:5      | Gained mutation: You have a pair of small horns on your
                  | head. [potion of mutation]
  2564 | D:5      | Lost mutation: Potions are less effective at restoring your
                  | health. [potion of mutation]
  2564 | D:5      | Lost mutation: You have a pair of small horns on your head.
                  | [potion of mutation]
  2564 | D:5      | Gained mutation: Your body sometimes deteriorates upon
                  | taking damage. [potion of mutation]
  2701 | D:5      | Noticed Prince Ribbit
  2714 | D:5      | Killed Prince Ribbit
  2715 | D:5      | Reached skill level 7 in Unarmed Combat
  2864 | D:5      | Reached XP level 8. HP: 44/79 MP: 7/7
  3073 | D:5      | Found a hazy altar of Hepliaklqana.
  3098 | D:5      | Noticed Grinder
  3110 | D:5      | Killed Grinder
  3257 | D:5      | Found a runed translucent door.
  3258 | D:5      | Noticed Crazy Yiuf
  3304 | D:5      | Found a glowing golden altar of the Shining One.
  3519 | D:5      | Killed Crazy Yiuf
  3851 | D:6      | You fall into a shaft and drop 1 floor!
  3851 | D:7      | Found a flagged portal.
  3855 | Bailey   | Entered a bailey
  3879 | Bailey   | Reached skill level 5 in Fighting
  3879 | Bailey   | Reached skill level 5 in Dodging
  3879 | Bailey   | Reached skill level 8 in Unarmed Combat
  4038 | Bailey   | Noticed a two-headed ogre
  4064 | Bailey   | Killed a two-headed ogre
  4065 | Bailey   | Reached skill level 9 in Unarmed Combat
  4065 | Bailey   | Reached XP level 9. HP: 88/88 MP: 8/8
  4305 | Bailey   | Reached skill level 10 in Unarmed Combat
  4345 | D:7      | Reached **** piety under Trog
  4372 | D:7      | Identified the +1 spear of Premature Burial {protect,
                  | +Blink rElec rC-}
  4397 | D:7      | Found a staircase to the Ecumenical Temple.
  4554 | D:7      | Noticed Pikel
  4567 | D:7      | Killed Pikel
  4568 | D:7      | Reached XP level 10. HP: 100/100 MP: 9/9
  5183 | D:6      | Reached skill level 11 in Unarmed Combat
  5255 | D:6      | Found a sparkling altar of Nemelex Xobeh.
  5255 | D:6      | Found an ancient bone altar of Kikubaaqudgha.
  5256 | D:6      | Found a radiant altar of Vehumet.
  5256 | D:6      | Found a shadowy altar of Dithmenos.
  5417 | D:7      | Found an opulent altar of Gozag.
  5424 | D:7      | Found a basalt altar of Yredelemnul.
  5443 | D:7      | Noticed Newt's ghost (novice DsGl)
  5549 | D:7      | Found a runed translucent gate.
  5549 | D:7      | Found a runed translucent gate.
  5549 | D:7      | Found a runed translucent gate.
  5645 | D:7      | Killed Newt's ghost
  5705 | D:8      | Noticed a two-headed ogre
  5718 | D:8      | Killed a two-headed ogre
  6106 | D:8      | Found a staircase to the Lair.
  6142 | D:8      | Noticed a red ugly thing
  6153 | D:8      | Killed a red ugly thing
  6154 | D:8      | Reached skill level 12 in Unarmed Combat
  6292 | D:8      | Found a bloodstained altar of Trog.
  6295 | D:8      | Noticed a wizard
  6300 | D:8      | Killed a wizard
  6526 | D:8      | Found a hide-covered altar of Uskayaw.
  6936 | D:9      | Paralysed by a hornet for 3 turns
  7036 | D:9      | Noticed Erica
  7044 | D:9      | Killed Erica
  7045 | D:9      | Reached XP level 11. HP: 95/109 MP: 10/10
  7755 | D:10     | Entered Level 10 of the Dungeon
  7894 | D:10     | Found a portal to a secret trove of treasure.
  7910 | D:10     | Found a transporter.
  8625 | D:11     | Reached skill level 13 in Unarmed Combat
  8769 | D:11     | Found a staircase to the Orcish Mines.
  8994 | D:11     | Noticed Psyche
  9004 | D:11     | Killed Psyche
  9264 | D:11     | Lost mutation: Your body sometimes deteriorates upon taking
                  | damage. [potion of mutation]
  9264 | D:11     | Gained mutation: You sometimes lose your temper in combat.
                  | [potion of mutation]
  9264 | D:11     | Gained mutation: Your spells are a little easier to cast,
                  | but a little less powerful. [potion of mutation]
  9264 | D:11     | Lost mutation: You sometimes lose your temper in combat.
                  | [potion of mutation]
  9485 | D:12     | Found an ornate altar of the Wu Jian Council.
  9540 | D:12     | Noticed a two-headed ogre
  9540 | D:12     | Noticed Rupert
  9542 | D:12     | Paralysed by Rupert for 3 turns
  9551 | D:12     | Killed Rupert
  9624 | D:12     | Noticed a brown ugly thing
  9624 | D:12     | Noticed a skeletal warrior
  9728 | D:12     | Noticed Kirke
  9755 | D:12     | Killed Kirke
  9756 | D:12     | Reached skill level 14 in Unarmed Combat
  9756 | D:12     | Reached XP level 12. HP: 55/122 MP: 11/11
  9813 | D:12     | Noticed Sonja
  9896 | Abyss:2  | Cast into level 2 of the Abyss (Sonja)
 10110 | Abyss:2  | Noticed an eidolon
 10130 | Abyss:2  | Killed an eidolon
 10160 | Abyss:2  | Noticed a tentacled starspawn
 10169 | Abyss:2  | Killed a tentacled starspawn
 10170 | Abyss:2  | Reached skill level 15 in Unarmed Combat
 10170 | Abyss:2  | Noticed a purple draconian
 10175 | Abyss:2  | Noticed a starcursed mass
 10177 | Abyss:2  | HP: 4/123 [ancient zyme (5)]
 10177 | Abyss:2  | Slain by an ancient zyme

Illustrated notes

Levels and vault maps discovered:
D:1:      dpeg_arrival_caged_fury, layout_basic, minmay_heptomino_l4
D:2:      kennysheep_six_static_rooms, layout_rooms,
          nicolae_elevator_lobby_asterisk
D:3:      layout_loops_ring, zin_academy, slow_altar_2,
          dreamdust_ecumenical_altar_statues, uniq_ijyb, uniq_robin
D:4:      layout_rooms
D:5:      layout_loops_corners, lemuel_coloured_pillars_altar,
          nicolae_hepliaklqana_monster_ancestors, uniq_crazy_yiuf_cottage,
          uniq_sigmund, uniq_grinder, uniq_prince_ribbit1
D:6:      layout_loops_corners, minitemple, st_stairs_4,
          kennysheep_generic_room_12
D:7:      layout_cave_pools, mainiacjoe_overflow_big_doors,
          minmay_temple_entry_stoned_glass, enter_bailey_2,
          gammafunk_ghost_split, uniq_pikel
D:8:      layout_basic, trog_wizard, nicolae_uskayaw_suspiria,
          kennysheep_generic_room_3
D:9:      layout_irregular_city, uniq_erica
D:10:     layout_grid_maze, nicolae_trove_entry_free_sample, grunt_ogre_cave,
          nicolae_diode_basic
D:11:     layout_roguey, david_orc_2, grunt_ministairs_13, uniq_psyche
D:12:     layout_layer_cave, nicolae_wu_jian_wuxing_cycle, uniq_kirke,
          uniq_sonja, uniq_rupert
Abyss:2:  base:
D:9

Skill      XL: |  1  2  3  4  5  6  7  8  9 10 11 12 |
---------------+-------------------------------------+-----
Unarmed Combat | 4 5 6 7 9 10 12 14 15 | 15.0
Fighting       | 3 4 5 6 7 8 9 |  9.2
Stealth        | 1 |  1.0
Dodging        | 3 4 5 6 7 8 9 |  9.2

Action                     |  1- 3 |  4- 6 |  7- 9 | 10-12 || total
---------------------------+-------+-------+-------+-------++-------
  Melee: Unarmed           |    86 |   151 |   209 |   427 ||   873
         Punch             |     1 |     3 |     9 |    20 ||    33
  Throw: Dart              |       |       |    12 |    23 ||    35
 Invoke: Berserk           |       |     4 |     6 |    15 ||    25
         Trog's Hand       |       |     1 |     1 |     4 ||     6
         Brothers in Arms  |       |       |       |     3 ||     3
  Evoke: Wand              |       |       |     2 |     6 ||     8
    Use: Potion            |       |     1 |     5 |     4 ||    10
   Stab: Sleeping          |     2 |     1 |       |     3 ||     6
         Distracted        |       |       |     1 |       ||     1
 Armour: Animal skin       |    27 |    31 |    29 |    32 ||   119
         Troll leather arm |       |       |       |   120 ||   120
  Dodge: Dodged            |    40 |    73 |   114 |   244 ||   471

Table legend: (Time is in decaauts)
 A = Elapsed time spent in this place.
 B = Non-inter-level travel time spent in this place.
 C = Inter-level travel time spent in this place.
 D = Time resting spent in this place.
 E = Time spent auto-exploring this place.
 F = Levels seen in this place.
 G = Mean time per level.
                   A        B        C        D        E       F      G
               +--------+--------+--------+--------+--------+-----+--------+
         Total |  10320 |   9853 |    467 |   1075 |   6691 |  14 |  737.1 |
       Dungeon |   9542 |   9075 |    467 |    778 |   6554 |  12 |  795.2 |
         Abyss |    312 |    312 |      0 |    169 |      0 |   1 |  312.0 |
        Bailey |    465 |    465 |      0 |    127 |    137 |   1 |  465.0 |
               +--------+--------+--------+--------+--------+-----+--------+

Top non-repeatable levels by time:
     D:5: 1277 daAuts
     D:8: 1198 daAuts
     D:9: 908 daAuts
     D:6: 895 daAuts
    D:11: 800 daAuts
    D:10: 792 daAuts
     D:3: 759 daAuts
     D:7: 704 daAuts
     D:1: 615 daAuts
    D:12: 574 daAuts
     D:2: 545 daAuts
     D:4: 470 daAuts
  Bailey: 465 daAuts
 Abyss:2: 312 daAuts
